 Dungeon Crawl Stone Soup version 0.22.1-1-ga44c0e5 (webtiles) character file.

5795 kae the Cleaver (level 10, 0/94 HPs)
             Began as a Hill Orc Fighter on Nov 3, 2018.
             Was a Priest of Makhleb.
             Slain by a yak (10 damage)
             ... on level 10 of the Dungeon.
             The game lasted 00:09:53 (10025 turns).

kae the Cleaver (Hill Orc Fighter)                 Turns: 10025, Time: 00:09:53

Health: 0/94       AC: 12    Str: 23    XL:     10   Next: 79%
Magic:  16/16      EV:  9    Int:  8    God:    Makhleb [***...]
Gold:   621        SH:  0    Dex: 10    Spells: 9/9 levels left

rFire    . . .     SeeInvis .   L - +3 battleaxe (freeze)
rCold    . . .     Gourm    .   (shield currently unavailable)
rNeg     . . .     Faith    .   b - +1 scale mail
rPois    .         Spirit   .   (no helmet)
rElec    .         Reflect  .   (no cloak)
rCorr    .         Harm     .   t - +0 pair of gloves
MR       .....                  (no boots)
Stlth    +.........             (no amulet)
HPRegen  0.25/turn              A - ring of stealth
MPRegen  0.15/turn              i - +3 ring of protection (curse)

@: no status effects
A: no striking features
a: Minor Destruction, Lesser Servant of Makhleb, Renounce Religion


You were on level 10 of the Dungeon.
You worshipped Makhleb.
Makhleb was most pleased with you.
You were not hungry.

You visited 1 branch of the dungeon, and saw 10 of its levels.
You also visited: Sewer.

You collected 674 gold pieces.
You spent 53 gold pieces at shops.

Inventory:

Hand Weapons
 a - a +0 war axe
 L - a +3 battleaxe of freezing (weapon)
Armour
 b - a +1 scale mail (worn)
 c - a +0 shield
 t - a +0 pair of gloves (worn)
Jewellery
 h - an uncursed ring of protection from cold
 i - a cursed +3 ring of protection (right hand)
 k - an uncursed ring of flight
 l - an uncursed ring of resist corrosion
 A - a ring of stealth (left hand)
 D - a +3 ring of strength {unknown}
 E - an uncursed ring of magical power {unknown}
 I - a +3 ring of dexterity {unknown}
 J - an uncursed amulet of regeneration {unknown}
Wands
 C - a wand of disintegration (11)
Scrolls
 e - a scroll of fog
 f - 6 scrolls of teleportation
 g - 2 scrolls of noise
 o - a scroll of immolation
 p - 4 scrolls of amnesia
 q - 2 scrolls of fear
 r - 4 scrolls of enchant armour
 y - a scroll of remove curse
 F - a scroll of silence
 H - 3 scrolls of identify
 K - a scroll of vulnerability {unknown}
Potions
 j - 3 potions of magic
 m - 2 potions of curing
 n - 3 potions of brilliance
 s - a potion of cancellation
 u - 2 potions of flight
 v - a potion of ambrosia
 w - a potion of mutation {unknown}
 x - 2 potions of agility
 z - 2 potions of invisibility {unknown}
 B - a potion of heal wounds {unknown}
 G - a potion of resistance
Comestibles
 d - 12 rations


   Skills:
 + Level 10.5 Fighting
 * Level 14.7 Axes
 - Level 3.2 Armour
 - Level 3.2 Shields
 + Level 8.4 Invocations


You had 9 spell levels left.
You didn't know any spells.
Your spell library was empty.

Dungeon Overview and Level Annotations

Branches:
Dungeon (10/15)            Temple (0/1) D:4            Lair (0/6) D:10
    Orc: D:9-12

Altars:
Cheibriados
Elyvilon
Fedhas
Hepliaklqana
Makhleb
Nemelex Xobeh
Qazlal
Uskayaw
Vehumet
Wu Jian
Xom
Zin
The Shining One

Shops:
D:4 *

Annotations:
D:3 1 runed door, Jaiteiro's ghost, amateur HaWr


Message History

The yak is lightly wounded.
You barely miss the crocodile.
Your scale mail prevents you from hitting the basilisk.
The yak gores you.
* * * LOW HITPOINT WARNING * * *
The crocodile completely misses you. The basilisk bites you!
* * * LOW HITPOINT WARNING * * *
You hit the crocodile. You freeze the crocodile.
The crocodile is almost dead.
You slash the yak! You freeze the yak. You barely miss the basilisk.
The yak gores you.
* * * LOW HITPOINT WARNING * * *
The crocodile bites you but does no damage.
The basilisk closely misses you.
Unknown command.
You closely miss the crocodile.
The crocodile is almost dead.
You barely miss the basilisk. You hit the yak but do no damage.
The crocodile barely misses you. The yak gores you!
You die...

.. .#.## .....## #####
.......##...#
........#...####
.....P?........#
..>......t.....#
./.......Y@....#
.....P..#l.....#
.......##......######
.....####...........#
##.#.#.#......#####.# #
..#.######## #.#
##########.#.# #.#
.........#.#.# #.#
#......#.#.#.############.#


You could see a yak, a basilisk and a crocodile.

Vanquished Creatures
  An unseen horror (D:9)
  An elephant (D:10)
  A hippogriff (D:8)
  Sigmund (D:2)
  A wyvern (D:8)
  A hungry ghost (D:9)
  2 orc warriors
  2 sky beasts
  3 ice beasts
  4 phantoms
  A black bear (D:8)
  3 ogres
  3 centaurs
  7 big kobolds (Sewer)
  A bullfrog (D:6)
  A wyvern zombie (D:9)
  A scorpion (D:6)
  10 killer bees (D:9)
  4 wights (D:10)
  3 howler monkeys
  A centaur zombie (D:6)
  6 crimson imps
  3 hounds
  5 orc priests
  4 jellies
  An orc wizard (D:4)
  Natasha (thrice) (D:3)
  2 iguanas
  10 worker ants
  2 hound skeletons
  A gnoll (D:6)
  13 adders
  3 river rats (Sewer)
  2 shadow imps
  9 oozes
  6 worms
  3 dart slugs
  11 leopard geckos
  19 orcs
  5 giant cockroaches
  5 goblins
  4 hobgoblins
  19 jackals
  15 kobolds
  4 quokkas
  4 ball pythons
  2 bats
  3 frilled lizards
  A leopard gecko skeleton (D:5)
  8 rats
225 creatures vanquished.

Vanquished Creatures (others)
  10 fungi (D:9)
10 creatures vanquished.

Grand Total: 235 creatures vanquished

Notes
Turn   | Place    | Note
-------+----------+-------------------------------------------
     0 | D:1      | kae the Hill Orc Fighter began the quest for the Orb.
     0 | D:1      | Reached XP level 1. HP: 19/19 MP: 1/1
   170 | D:1      | Reached skill level 3 in Axes
   177 | D:1      | Reached XP level 2. HP: 17/27 MP: 2/2
   704 | D:1      | Reached skill level 4 in Axes
   705 | D:1      | Reached XP level 3. HP: 33/33 MP: 3/3
  1015 | D:2      | Reached XP level 4. HP: 34/41 MP: 4/4
  1140 | D:2      | Reached skill level 5 in Axes
  1478 | D:2      | Noticed Sigmund
  1492 | D:2      | Killed Sigmund
  1492 | D:2      | Reached skill level 5 in Fighting
  1492 | D:2      | Reached skill level 6 in Axes
  1492 | D:2      | Reached XP level 5. HP: 9/48 MP: 5/5
  1492 | D:2      | Reached XP level 6. HP: 10/56 MP: 6/6
  1937 | D:3      | Found a glowing drain.
  1968 | Sewer    | Entered a sewer
  2005 | Sewer    | Reached skill level 7 in Axes
  2111 | Sewer    | Reached skill level 8 in Axes
  2111 | Sewer    | Reached XP level 7. HP: 59/63 MP: 7/7
  2401 | Sewer    | Reached skill level 9 in Axes
  2637 | D:3      | Noticed Natasha
  2643 | D:3      | Killed Natasha
  2653 | D:3      | Found a hide-covered altar of Uskayaw.
  2740 | D:3      | Reached XP level 8. HP: 68/73 MP: 8/8
  2792 | D:3      | Noticed Natasha
  2799 | D:3      | Killed Natasha
  2918 | D:3      | Found a runed door.
  2918 | D:3      | Noticed Jaiteiro's ghost (amateur HaWr)
  3081 | D:3      | Noticed Natasha
  3094 | D:3      | Killed Natasha
  3169 | D:3      | Found a burning altar of Makhleb.
  3169 | D:3      | Noticed a blizzard demon
  3200 | D:3      | Noticed a smoke demon
  3200 | D:3      | Noticed a smoke demon
  3202 | D:3      | Became a worshipper of Makhleb the Destroyer
  3326 | D:4      | Found a white marble altar of Elyvilon.
  3392 | D:4      | Reached skill level 10 in Axes
  3420 | D:4      | Noticed a two-headed ogre
  3871 | D:4      | Found a staircase to the Ecumenical Temple.
  3922 | D:4      | Reached skill level 1 in Invocations
  3959 | D:4      | Found a stormy altar of Qazlal.
  4250 | D:4      | Found Afrusk's Assorted Antiques.
  4254 | D:4      | Bought a scroll labeled KOFUHA EMIUN for 28 gold pieces
  4254 | D:4      | Bought a black potion for 25 gold pieces
  4412 | D:5      | Entered Level 5 of the Dungeon
  4902 | D:5      | Found a snail-covered altar of Cheibriados.
  5208 | D:5      | Found a hazy altar of Hepliaklqana.
  5365 | D:6      | Found an ornate altar of the Wu Jian Council.
  5404 | D:6      | Reached * piety under Makhleb
  5409 | D:6      | Reached skill level 11 in Axes
  5583 | D:6      | Reached XP level 9. HP: 81/81 MP: 11/11
  6409 | D:7      | Found a glowing golden altar of the Shining One.
  6509 | D:7      | Found a shimmering altar of Xom.
  6509 | D:7      | Found a glowing silver altar of Zin.
  6509 | D:7      | Noticed an angel
  6655 | D:7      | Reached skill level 12 in Axes
  6703 | D:7      | Reached skill level 5 in Invocations
  7442 | D:7      | Found a blossoming altar of Fedhas.
  8007 | D:8      | Reached skill level 13 in Axes
  8083 | D:8      | Reached ** piety under Makhleb
  8259 | D:8      | Found a radiant altar of Vehumet.
  8408 | D:8      | Reached XP level 10. HP: 78/91 MP: 13/15
  8632 | D:9      | Reached skill level 10 in Fighting
  8952 | D:9      | Killed an unseen horror
  8952 | D:9      | Reached skill level 14 in Axes
  9491 | D:9      | Found a sparkling altar of Nemelex Xobeh.
  9501 | D:9      | Reached *** piety under Makhleb
  9683 | D:10     | Entered Level 10 of the Dungeon
 10004 | D:10     | Noticed an elephant
 10005 | D:10     | Found a staircase to the Lair.
 10012 | D:10     | Killed an elephant
 10025 | D:10     | Slain by a yak

Skill      XL: |  1  2  3  4  5  6  7  8  9 10 |
---------------+-------------------------------+-----
Axes           | 3 4 6 8 9 11 13 14 | 14.7
Fighting       | 4 5 6 7 8 9 10 | 10.5
Invocations    | 3 6 8 |  8.4
Armour         | |  3.2
Shields        | |  3.2

Action                   |  1- 3 |  4- 6 |  7- 9 | 10-12 || total
-------------------------+-------+-------+-------+-------++-------
Melee: War axe           |    72 |   103 |   525 |   182 ||   882
       Battleaxe         |       |       |       |    10 ||    10
Invok: Minor Destruction |       |       |       |     4 ||     4
  Use: Potion            |       |     1 |     1 |     1 ||     3
       Scroll            |       |     8 |     8 |     2 ||    18
  Eat: Chunk             |       |     1 |    14 |     6 ||    21
       Ration            |       |     1 |     2 |       ||     3
Armor: Scale mail        |    43 |    22 |   170 |   124 ||   359
Dodge: Dodged            |    29 |    18 |   101 |    56 ||   204
Block: Shield            |    48 |    44 |   181 |   106 ||   379
